 Dungeon Crawl Stone Soup version 0.16-a0-4115-ga5ed934 (webtiles) character file.

88 McCoppin the Slasher (level 4, -1/35 HPs)
             Began as a Demonspawn Chaos Knight on Mar 1, 2015.
             Slain by an orc
             ... wielding a +4 trident
              (8 damage)
             ... on level 3 of the Dungeon.
             The game lasted 00:07:26 (1500 turns).

McCoppin the Slasher (Demonspawn Chaos Knight)      Turns: 1500, Time: 00:07:26

Health: -1/35      AC:  5    Str: 13    XL:     4   Next: 29%
Magic:  0/4        EV: 10    Int: 13    God:    Xom [..*...]
Gold:   115        SH:  0    Dex: 15    Spells: 0 memorised, 3 levels left

rFire  . . .     SeeInvis .     a - +0 falchion (chaos)
rCold  . . .     Clarity  .     i - +0 ring mail (curse)
rNeg   . . .     SustAb   .     (no shield)
rPois  .         Gourm    .     (no helmet)
rElec  .         Spirit   +     (no cloak)
rCorr  .         Warding  .     (no gloves)
rMut   .         Stasis   .     (no boots)
MR     .....                    l - amulet of faith
Stlth  +.........               (no ring)
                                (no ring)

@: not resistant to hostile enchantments, very unstealthy
A: thin skeletal structure 1, magic shield, magic regeneration
a: Renounce Religion


You were on level 3 of the Dungeon.
You worshipped Xom.
You were a toy of Xom.
You were not hungry.

You visited 1 branch of the dungeon, and saw 3 of its levels.

You collected 115 gold pieces.

Inventory:

Hand weapons
 a - a +0 falchion of chaos (weapon)
Armour
 b - a +2 leather armour
 i - a cursed +0 ring mail (worn)
Jewellery
 f - an uncursed amulet of stasis
 l - an amulet of faith (around neck)
Scrolls
 j - 2 scrolls of identify
Potions
 h - 3 potions of might
 k - 3 potions of curing {unknown}
 m - a potion of cancellation {unknown}
Comestibles
 c - a bread ration
 d - 4 fruits
 g - a slice of pizza
 n - a chunk of flesh


   Skills:
 - Level 3.0 Fighting
 * Level 4.6 Long Blades
 - Level 1.7 Armour
 - Level 0.8 Dodging


You had 3 spell levels left.
You didn't know any spells.

Dungeon Overview and Level Annotations

Branches:
Dungeon (3/15)

Altars:
Nemelex Xobeh


Innate Abilities, Weirdness & Mutations

You have a somewhat thin skeletal structure (Dex +2, Stealth).
When hurt, damage is shared between your health and your magic reserves.
You regenerate magic rapidly.


Message History

You are too injured to fight recklessly!
You are too injured to fight recklessly!
You are too injured to fight recklessly!
You hit the orc. You burn the orc.
You kill the orc!
The orc hits you with an enchanted trident!
The orc hits you but does no damage.
Things that are here:
a trident; an orc corpse You closely miss the orc.
The orc closely misses you.
You closely miss the orc. The orc closely misses you.
You hit the orc.
You feel a wrenching sensation.
The orc is heavily wounded.
The orc hits you with an enchanted trident!
* * * LOW HITPOINT WARNING * * *
You hit the orc but do no damage. You drain the orc!
The orc is severely wounded.
The orc hits you with an enchanted trident!
You die... "Huh?
Did I miss anything?"

#. #### #. #..
#.###.######
#..........#####
#........?.....#
#.....o........# #####
#.....@.......%#
......#.#.####........
......#.#.####.##.....
.........).<).#.# ....
......#[####.#.# #+
### #....#.#.#
#..#.#.#.# #... ..#
#.##.###


You could see an orc.

Vanquished Creatures
  An orc wizard (D:3)
  2 adders (D:2)
  2 giant geckos (D:2)
  4 orcs (D:3)
  2 bats (D:1)
  3 giant cockroaches
  3 hobgoblins
  A ball python (D:2)
  5 giant newts (D:2)
  5 goblins
  7 kobolds
  6 rats
41 creatures vanquished.

Notes
Turn   | Place    | Note
--------------------------------------------------------------
     0 | D:1      | McCoppin, the Demonspawn Chaos Knight, began the quest for the Orb.
     0 | D:1      | Reached XP level 1. HP: 18/18 MP: 1/1
   577 | D:1      | XOM: harmless Divn miscast
   581 | D:1      | Gained mutation: When hurt, damage is shared between your health and your magic reserves. [demonic ancestry]
   581 | D:1      | Reached XP level 2. HP: 22/24 MP: 2/2
   733 | D:2      | Found a sparkling altar of Nemelex Xobeh.
   862 | D:2      | Gained mutation: You regenerate magic rapidly. [demonic ancestry]
   862 | D:2      | Reached XP level 3. HP: 29/29 MP: 3/3
  1142 | D:2      | Reached skill level 4 in Long Blades
  1456 | D:3      | XOM: enchant monster (good)
  1457 | D:3      | XOM: silly message
  1466 | D:3      | Gained mutation: You have a somewhat thin skeletal structure (Dex +2, Stealth). [demonic ancestry]
  1466 | D:3      | Reached XP level 4. HP: 32/35 MP: 4/4
  1500 | D:3      | Slain by an orc

Action                   |  1- 3 |  4- 6 || total
-------------------------+-------+-------++-------
Melee: Falchion          |   112 |     8 ||   120
  Use: Scroll            |     6 |       ||     6
       Potion            |     1 |       ||     1
 Stab: Petrifying        |     1 |       ||     1
       Petrified         |     1 |       ||     1
  Eat: Chunk             |     1 |     1 ||     2
